 Dungeon Crawl Stone Soup version 0.30-a0-354-g6b83867211 (webtiles) character file.

Game seed: 2602469816956554155

8261 quakins the Fighter (level 11, -1/111 HPs)
             Began as an Armataur Warper on Nov 7, 2022.
             Was an Initiate of Ignis.
             Killed from afar by an acid dragon (37 damage)
             ... with a splash of acid
             ... on level 11 of the Dungeon.
             The game lasted 00:15:47 (12619 turns).

quakins the Fighter (Armataur Warper)              Turns: 12619, Time: 00:15:47

Health: -1/111     AC:  7    Str: 15    XL:     11   Next: 7%
Magic:  13/13      EV:  8    Int: 14    God:    Ignis [......]
Gold:   360        SH:  0    Dex: 13    Spells: 13/13 levels left

rFire   + . .      SeeInvis .    L - +4 morningstar
rCold   + . .      Faith    .    (no shield)
rNeg    . . .      Spirit   .    k - +2 ring mail "Xogyteid" {rC+ Str-5 Dex+3}
rPois   .          Reflect  .    I - +0 helmet
rElec   .          Harm     .    h - +0 cloak
rCorr   .          Roll     +    (no gloves)
Will    .....                    (no barding)
Stlth   +.........               (no amulet)
HPRegen 0.38/turn                s - +4 ring of protection
MPRegen 0.13/turn                (no ring)

@: corroded
A: large, rugged brown scales 3, deformed body, armoured tail, roll, long
tongue, awkward tongue
a: Renounce Religion, Rising Flame


You were on level 11 of the Dungeon.
You worshipped Ignis.
Ignis was noncommittal.
You visited 1 branch of the dungeon, and saw 11 of its levels.

You collected 615 gold pieces.
You spent 255 gold pieces at shops.

Inventory:

Hand Weapons
 L - a +4 morningstar (weapon)
Missiles
 d - 5 boomerangs of dispersal (quivered)
 q - 18 boomerangs
Armour
 h - a +0 cloak (worn)
 k - the +2 ring mail "Xogyteid" (worn) {rC+ Str-5 Dex+3}
   (You found it on level 2 of the Dungeon)

   Str:       It affects your strength (-5).
   Dex:       It affects your dexterity (+3).
   rC:        It protects you from cold.
 B - the +1 ring mail "Earthly Heaven" {Rampage *Slow Will+ Int+3}
   (You found it on level 6 of the Dungeon)

   Int:       It affects your intelligence (+3).
   *Slow:     It may slow you when you take damage.
   Rampage:   It bestows one free step when moving towards enemies.
   Will:      It increases your willpower.
 I - a +0 helmet (worn)
 K - a +0 plate armour
Jewellery
 s - a +4 ring of protection (left hand)
 J - a ring of resist corrosion
Wands
 x - a wand of roots (13)
 E - a wand of paralysis (23)
 F - a wand of polymorph (5)
Scrolls
 a - 2 scrolls of butterflies
 b - 4 scrolls of identify
 c - 2 scrolls of blinking
 f - 5 scrolls of noise
 i - a scroll of immolation {unknown}
 j - a scroll of poison
 m - 2 scrolls of silence
 n - 3 scrolls of enchant weapon
 u - 4 scrolls of teleportation
 y - 3 scrolls of vulnerability {unknown}
 G - 2 scrolls of fear {unknown}
 H - 4 scrolls of amnesia {unknown}
Potions
 e - 3 potions of brilliance {unknown}
 g - 4 potions of might
 l - 7 potions of haste {unknown}
 o - a potion of magic {unknown}
 p - 2 potions of degeneration
 t - a potion of mutation {unknown}
 v - a potion of berserk rage {unknown}
 w - 3 potions of invisibility {unknown}
 z - a potion of heal wounds
 A - 2 potions of resistance {unknown}
 C - 4 potions of attraction
 D - 2 potions of flight


   Skills:
 - Level 12.0 Fighting
 - Level 10.0 Maces & Flails
 - Level 0.8 Throwing
 + Level 5.1 Armour
 - Level 1.3 Dodging
 - Level 1.7 Spellcasting
 - Level 3.0 Translocations


You had 13 spell levels left.
You didn't know any spells.
Your spell library contained the following spells:

 Spells                   Type           Power      Damage    Failure   Level
 Blink                    Tloc           18%        N/A       21%         2
 Lesser Beckoning         Tloc           18%        N/A       36%         3
 Teleport Other           Tloc           9%         N/A       36%         3
 Necrotise                Necr           4%         1d4       41%         1
 Summon Small Mammal      Summ           4%         N/A       41%         1
 Ensorcelled Hibernation  Hex/Ice        2%         N/A       56%         2
 Vhi's Electric Charge    Tloc/Air       10%        N/A       58%         3
 Manifold Assault         Tloc           9%         N/A       78%         4
 Call Canine Familiar     Summ           1%         N/A       80%         3
 Dazzling Flash           Conj/Hex       2%         N/A       80%         3
 Ozocubu's Armour         Ice            1%         N/A       80%         3
 Spider Form              Tmut/Pois      1%         N/A       80%         3
 Summon Guardian Golem    Hex/Summ       1%         N/A       80%         3
 Anguish                  Hex/Necr       0%         N/A       99%         4
 Animate Dead             Necr           1%         N/A       99%         4
 Agony                    Necr           1%         N/A       100%        5
 Borgnjor's Vile Clutch   Necr/Erth      0%         N/A       100%        5
 Silence                  Hex/Air        0%         N/A       100%        5
 Death Channel            Necr           0%         N/A       100%        6
 Dispersal                Tloc           4%         N/A       100%        6
 Ozocubu's Refrigeration  Ice            0%         4d7       100%        7
 Disjunction              Tloc           4%         N/A       100%        8


Dungeon Overview and Level Annotations

Branches:
Dungeon (11/15)            Temple (0/1) D:6             Orc (0/2) D:10
   Lair: D:8-11

Altars:
Ashenzari
Fedhas
Gozag
Kikubaaqudgha
Nemelex Xobeh
Ru
Sif Muna
Uskayaw
Vehumet
Xom
Zin
The Shining One
Ignis

Shops:
D:3 *   D:8 !


Innate Abilities, Weirdness & Mutations

You are completely covered in rugged brown scales. (AC +3, +7% HP)
Armour fits poorly on your strangely shaped body.
You have a long armoured tail.
You roll when moving toward enemies. (Rampage)
Your long tongue fully drains potion bottles. (2x potion effects)
Your tongue gives you trouble enunciating. (1.5x scroll delay)


Message History

Key pressed, stopping explore.
You enter the shallow water.
Moving in this stuff is going to be slow.
You enter the shallow water.
Moving in this stuff is going to be slow.
Partly explored, can't reach some places.
Partly explored, can't reach some places.
Partly explored, can't reach some places.
Partly explored, can't reach some places.
Why would you want to do that?
Partly explored, can't reach some places.
(D) Dungeon (T) Temple (O) Orcish Mines
Where to? (Enter - D:10, ? - help)
What level of the Dungeon? (default 1, ? - help)
There is a stone staircase leading down here.
You climb downwards.
Found a metallic brown potion and 12 gold pieces.
There is a stone staircase leading up here.
l - 7 metallic brown potions (gained 1)
Found a chain mail.
You now have 360 gold pieces (gained 12).
b - 4 scrolls of identify (gained 1)
G - 2 scrolls labelled JOCUUSY RUTUU (gained 1)
An acid dragon comes into view.
The acid dragon roars!
The acid dragon spits acid at you. The splash of acid hits you!!
The acid corrodes you!
An acid dragon is nearby!
An acid dragon is nearby!
An acid dragon is nearby!
The acid dragon spits acid at you. The splash of acid hits you!
The acid dragon spits acid at you. The splash of acid hits you!!
The acid corrodes you! The acid dragon spits acid at you.
The splash of acid hits you!
There is a stone staircase leading up here.
The acid dragon spits acid at you. The splash of acid hits you!!!
You die...

#...####..... #...# ####
#D..# [##### ####
#...####......
.....#######.............
.........................
.........................
......................###
...........@..........#
......................#
......................#
........................
########################


You could see an acid dragon (catching breath).

Vanquished Creatures
  3 two-headed ogres
  2 trolls
  A wraith (D:10)
  10 yaks (D:10)
  3 wyverns
  2 vampires (D:10)
  A water moccasin (D:7)
  2 orc warriors
  A sky beast (D:3)
  A black bear (D:7)
  2 ice beasts
  2 ogres
  2 phantoms
  4 kobold brigands
  A gnoll sergeant (D:8)
  3 scorpions (D:6)
  2 bullfrogs
  A necrophage (D:3)
  12 wights
  8 killer bees
  An electric eel (D:6)
  10 howler monkeys
  8 hounds
  An orc priest (D:8)
  4 jellies
  4 iguanas
  An orc wizard (D:9)
  7 adders
  4 gnolls (D:8)
  An ufetubus (D:5)
  3 worms
  3 dart slugs
  14 orcs
  9 endoplasms
  A giant cockroach (D:2)
  9 goblins
  5 hobgoblins
  5 jackals
  5 quokkas
  15 ball pythons
  6 bats
  4 frilled lizards
  25 kobolds
  9 rats
217 creatures vanquished.

Vanquished Creatures (others)
  14 foxfires (D:3)
  14 plants (D:6)
28 creatures vanquished.

Grand Total: 245 creatures vanquished

Notes
Turn   | Place    | Note
-------+----------+-------------------------------------------
     0 | D:1      | quakins the Armataur Warper began the quest for the Orb.
     0 | D:1      | Reached XP level 1. HP: 18/18 MP: 3/3
   231 | D:1      | Reached XP level 2. HP: 16/25 MP: 4/4
   404 | D:1      | Found a faded altar of an unknown god.
   444 | D:1      | Prayed at the altar of an unknown god.
   444 | D:1      | Became a worshipper of Ignis, the Dying Flame
   482 | D:1      | Reached XP level 3. HP: 13/31 MP: 5/5
   773 | D:2      | Identified the +2 ring mail "Xogyteid" {rC+ Str-5 Dex+3}
  1260 | D:2      | Reached XP level 4. HP: 37/38 MP: 6/6
  1782 | D:3      | Found an opulent altar of Gozag.
  1885 | D:3      | Noticed a phantom
  1885 | D:3      | Noticed a sky beast
  1896 | D:3      | Killed a phantom
  1897 | D:3      | Reached skill level 5 in Maces & Flails
  1897 | D:3      | Reached XP level 5. HP: 35/43 MP: 7/7
  1902 | D:3      | Killed a sky beast
  1910 | D:3      | Reached XP level 6. HP: 24/51 MP: 8/8
  2117 | D:3      | Found Gozag's Platinum Reserve.
  2184 | D:3      | Found a shimmering altar of Xom.
  2256 | D:3      | Found a glowing silver altar of Zin.
  2984 | D:4      | Found a blossoming altar of Fedhas.
  2996 | D:4      | Found a broken altar of Ashenzari.
  3002 | D:4      | Found a sacrificial altar of Ru.
  3266 | D:5      | Entered Level 5 of the Dungeon
  3280 | D:5      | Reached XP level 7. HP: 56/56 MP: 9/9
  3333 | D:5      | Found a sparkling altar of Nemelex Xobeh.
  4556 | D:6      | Identified the +1 ring mail "Earthly Heaven" {Rampage *Slow
                  | Will+ Int+3}
  4567 | D:6      | Reached XP level 8. HP: 46/64 MP: 10/10
  4646 | D:6      | Found a staircase to the Ecumenical Temple.
  5486 | D:7      | Reached skill level 10 in Maces & Flails
  5486 | D:7      | Reached skill level 2 in Fighting
  5735 | D:7      | Found a flagged portal.
  6098 | D:6      | Reached skill level 3 in Fighting
  6230 | D:7      | Reached skill level 4 in Fighting
  6368 | D:7      | Reached XP level 9. HP: 29/78 MP: 11/11
  6372 | D:7      | Reached skill level 5 in Fighting
  7167 | D:8      | Reached skill level 6 in Fighting
  7389 | D:8      | Noticed a two-headed ogre
  7396 | D:8      | Killed a two-headed ogre
  7397 | D:8      | Reached skill level 7 in Fighting
  7647 | D:8      | Found Enuptar's Distillery.
  7655 | D:8      | Bought a potion of degeneration for 15 gold pieces
  7655 | D:8      | Bought a potion of attraction for 45 gold pieces
  7655 | D:8      | Bought a potion of heal wounds for 75 gold pieces
  7655 | D:8      | Bought a potion of flight for 45 gold pieces
  7655 | D:8      | Bought a potion of heal wounds for 75 gold pieces
  7762 | D:8      | Noticed a troll
  7769 | D:8      | Killed a troll
  7770 | D:8      | Reached skill level 8 in Fighting
  8320 | D:8      | Found an ancient bone altar of Kikubaaqudgha.
  8327 | D:8      | Found a shimmering blue altar of Sif Muna.
  8343 | D:8      | Found a radiant altar of Vehumet.
  8346 | D:8      | Got Kikubaaqudgha's Directory of the Mortuary
  8749 | D:9      | Reached skill level 9 in Fighting
  8824 | D:9      | Reached XP level 10. HP: 80/97 MP: 12/12
  9280 | D:9      | Noticed a two-headed ogre
  9289 | D:9      | Killed a two-headed ogre
  9290 | D:9      | Reached skill level 10 in Fighting
 10280 | D:9      | Found a glowing golden altar of the Shining One.
 10496 | D:10     | Entered Level 10 of the Dungeon
 10548 | D:10     | Found a hide-covered altar of Uskayaw.
 10549 | D:10     | Noticed a two-headed ogre
 10572 | D:10     | Killed a two-headed ogre
 10573 | D:10     | Reached skill level 11 in Fighting
 11167 | D:10     | Found a staircase to the Orcish Mines.
 11217 | D:10     | Reached skill level 12 in Fighting
 11924 | D:10     | Reached XP level 11. HP: 83/111 MP: 13/13
 12077 | D:10     | Reached skill level 5 in Armour
 12619 | D:11     | Killed from afar by an acid dragon

Illustrated notes

Levels and vault maps discovered:
D:1:      minmay_arrival_split_and_join, layout_rooms,
          hellmonk_ecumenical_altar_zigzags
D:2:      layout_basic, chequers_serial_rivers_micro_b,
          kennysheep_generic_room_6
D:3:      layout_basic, nicolae_gozag_zags_fifth_avenue,
          mainiacjoe_overflow_24_doors, mainiacjoe_overflow_surrounded_room,
          minmay_divided_ellipse
D:4:      minmay_inner_zag, layout_basic, minitemple
D:5:      layout_gridville, nemelex_dance_club_becter
D:6:      layout_basic, minmay_temple_entry_large_hall, serial_bayou_lagoon_b
D:7:      layout_loops_ring, enter_bailey_6, minmay_misc_feat_pillars
D:8:      layout_loops_corners, grunt_temple_overflow_magic_moments,
          serial_shops, shop, serial_aquarium, aquarium_bridge_square
          [aquarium_subvault_bridge, aquarium_subvault_bridge,
          aquarium_subvault_wall, aquarium_subvault_bridge],
          aquarium_bridge_square [aquarium_subvault_bridge,
          aquarium_subvault_wall, aquarium_subvault_bridge,
          aquarium_subvault_window], aquarium_window_1, aquarium_window_2,
          aquarium_view_2e, aquarium_view_2c, aquarium_balcony_double_1,
          kennysheep_generic_room_11
D:9:      layout_basic, mainiacjoe_overflow_alcove_4, serial_glass,
          glass_columns_a, glass_columns_a, glass_columns_c, glass_columns_a,
          glass_columns_b, glass_columns_a, glass_columns_a, glass_columns_a,
          kennysheep_minor_cross
D:10:     layout_cave_pods, nicolae_overflow_hidden_temple, orc_0_dummy,
          serial_rivers, chequers_serial_rivers_micro_d,
          chequers_serial_rivers_room_b, chequers_serial_rivers_marsh,
          chequers_serial_rivers_room_a, chequers_serial_rivers_large_a
D:11:     layout_small_grid, erik_lair_orcish_takeover, special_room
          [special_room_bee]

Skill      XL: |  1  2  3  4  5  6  7  8  9 10 11 |
---------------+----------------------------------+-----
Maces & Flails | 2 3 5 6 7 8 10 | 10.0
Fighting       | 4 9 12 | 12.0
Armour         | 3 5 |  5.1
Throwing       | |  0.8
Dodging        | |  1.3
Spellcasting   | |  1.7
Translocations | |  3.0

Action                   |  1- 3 |  4- 6 |  7- 9 | 10-12 || total
-------------------------+-------+-------+-------+-------++-------
Melee: Mace              |    80 |       |       |       ||    80
       Tailslap          |    12 |    17 |    65 |    33 ||   127
       Punch             |     4 |       |     5 |     7 ||    16
       Whip              |    44 |   192 |   214 |       ||   450
       Morningstar       |       |       |   152 |   234 ||   386
Throw: Boomerang         |       |       |       |     2 ||     2
Invok: Fiery Armour      |     1 |     1 |     6 |       ||     8
       Foxfire Swarm     |       |     2 |       |       ||     2
  Use: Scroll            |       |       |     7 |       ||     7
       Potion            |       |       |     1 |     9 ||    10
Armor: Leather armour    |    39 |       |       |       ||    39
       Ring mail         |    25 |    95 |   154 |   134 ||   408
Dodge: Dodged            |    68 |    85 |   127 |    99 ||   379

Table legend: (Time is in decaauts)
 A = Elapsed time spent in this place.
 B = Non-inter-level travel time spent in this place.
 C = Inter-level travel time spent in this place.
 D = Time resting spent in this place.
 E = Time spent auto-exploring this place.
 F = Levels seen in this place.
 G = Mean time per level.
                   A        B        C        D        E       F      G
               +--------+--------+--------+--------+--------+-----+--------+
         Total |  12606 |  12192 |    414 |   1646 |   8706 |  11 | 1146.0 |
       Dungeon |  12606 |  12192 |    414 |   1646 |   8706 |  11 | 1146.0 |
               +--------+--------+--------+--------+--------+-----+--------+

Top non-repeatable levels by time:
    D:10: 1972 daAuts
     D:8: 1967 daAuts
     D:9: 1720 daAuts
     D:6: 1525 daAuts
     D:3: 1097 daAuts
     D:5: 1072 daAuts
     D:7: 1044 daAuts
     D:2: 783 daAuts
     D:1: 691 daAuts
     D:4: 681 daAuts
    D:11: 49 daAuts
